 Dungeon Crawl Stone Soup version 0.29-a0-352-g0917bc69df (webtiles) character file.

Game seed: 4277423448151891395

13867 Dauddaud the Severer (level 11, -1/86 HPs)
             Began as a Minotaur Berserker on Apr 23, 2022.
             Was an Elder of Trog.
             Slain by a queen bee (7 damage)
             ... on level 11 of the Dungeon.
             The game lasted 00:24:44 (12888 turns).

Dauddaud the Severer (Minotaur Berserker)          Turns: 12888, Time: 00:24:45

Health: -1/86      AC: 14    Str: 26    XL:     11   Next: 81%
Magic:  10/10      EV: 12    Int:  4    God:    Trog [****..]
Gold:   244        SH:  0    Dex: 10    Spells: 10/10 levels left

rFire   . . .      SeeInvis .   I - +2 executioner's axe (flame)
rCold   . . .      Faith    .   (shield currently unavailable)
rNeg    . . .      Spirit   .   R - +0 plate armour
rPois   +          Reflect  .   (helmet restricted)
rElec   .          Harm     .   A - +0 cloak
rCorr   .          Rampage  .   h - +0 pair of gloves
Will    ++...                   (no boots)
Stlth   ..........              M - amulet of regeneration
HPRegen 2.04/turn               o - +4 ring of evasion
MPRegen 0.12/turn               i - ring of poison resistance

@: lethally poisoned (-1 -> -1), strong-willed, on berserk cooldown,
regenerating
A: horns 2, retaliatory headbutt
a: Renounce Religion, Berserk, Trog's Hand, Brothers in Arms


You were on level 11 of the Dungeon.
You worshipped Trog.
Trog was greatly pleased with you.
You visited 1 branch of the dungeon, and saw 11 of its levels.

You collected 604 gold pieces.
You spent 360 gold pieces at shops.

Inventory:

Hand Weapons
 a - a +0 hand axe
 G - a +0 battleaxe
 I - a +2 executioner's axe of flaming (weapon)
 K - a +2 vampiric war axe
 L - a +1 broad axe of flaming
Missiles
 Q - a throwing net (quivered)
Armour
 b - a +0 animal skin
 h - a +0 pair of gloves (worn)
 s - a +0 ring mail
 A - a +0 cloak (worn)
 D - a +0 chain mail
 R - a +0 plate armour (worn)
Jewellery
 i - a ring of poison resistance (right hand)
 o - a +4 ring of evasion (left hand)
 M - an amulet of regeneration (around neck)
Wands
 n - a wand of flame (43)
 q - a wand of digging (8)
 u - a wand of acid (7)
 B - a wand of paralysis (19)
 J - a wand of iceblast (11)
 T - a wand of charming (5)
Scrolls
 c - 4 scrolls of fog
 f - 2 scrolls of silence
 w - a scroll of identify
 x - a scroll of summoning
 y - 3 scrolls of noise
 E - 2 scrolls of brand weapon
 N - a scroll of vulnerability
 P - a scroll of amnesia
 S - a scroll of enchant weapon
Potions
 d - 3 potions of cancellation
 e - 2 potions of attraction {unknown}
 g - a potion of curing
 k - a potion of ambrosia {unknown}
 l - 3 potions of flight {unknown}
 m - 3 potions of mutation {unknown}
 r - a potion of lignification {unknown}
 t - 2 potions of brilliance {unknown}
 v - 2 potions of berserk rage {unknown}
 z - 2 potions of degeneration {unknown}
 C - 2 potions of invisibility
 F - 6 potions of heal wounds {unknown}
 H - 2 potions of might {unknown}
 O - 2 potions of resistance {unknown}


   Skills:
 * Level 5.1 Fighting
 - Level 20.0 Axes
 * Level 4.4 Armour
 + Level 3.2 Dodging
 - Level 6.4 Evocations


You had 10 spell levels left.
You didn't know any spells.
Your spell library was empty.

Dungeon Overview and Level Annotations

Branches:
Dungeon (11/15)            Temple (0/1) D:4            Lair (0/6) D:10
    Orc: D:9-12

Altars:
Qazlal
Xom

Shops:
D:2 =(==   D:4 *   D:7 *

Portals:
Abyss: D:4


Innate Abilities, Weirdness & Mutations

You have a pair of horns on your head.
You reflexively headbutt those who attack you in melee.


Message History

You barely miss the queen bee. You barely miss the killer bee.
You slice the killer bee!! You burn the killer bee.
You kill the killer bee!
Trog accepts your kill.
You barely miss the vampire mosquito.
You feel sick.
You hear an angry buzzing noise.
The vampire mosquito bites you but does no damage.
The killer bee barely misses you.
The queen bee calls on the killer bee to defend it!
The killer bee goes berserk!
A manticore comes into view.
You hear an angry buzzing noise.
The killer bee stings you.
* * * LOW HITPOINT WARNING * * *
You hit the queen bee but do no damage. Your headbutt misses the queen bee.
You slash the vampire mosquito! You burn the vampire mosquito.
You barely miss the vampire mosquito. You closely miss the killer bee.
You feel sick. The killer bee barely misses you.
The vampire mosquito closely misses you.
The killer bee closely misses you. The queen bee stings you.
* * * LOW HITPOINT WARNING * * *
The vampire mosquito bites you.
* * * LOW HITPOINT WARNING * * *
The vampire mosquito draws strength from your injuries!
The vampire mosquito bites you but does no damage.
You hear a shout!
You closely miss the queen bee. You barely miss the vampire mosquito.
You slice the vampire mosquito!! You burn the vampire mosquito.
You slice the killer bee!! You burn the killer bee.
You feel sick.
You hear an angry buzzing noise.
The killer bee rages.
The killer bee barely misses you.
You hear an angry buzzing noise.
The killer bee closely misses you. The vampire mosquito bites you.
* * * LOW HITPOINT WARNING * * *
The vampire mosquito draws strength from your injuries!
The vampire mosquito closely misses you.
You furiously retaliate!
You headbutt the vampire mosquito. The killer bee barely misses you.
The queen bee stings you!
You die...

. .. # . #..
!# # #. .. #.
#.. #H .# #c
.. ##.###y
.#.#...
#..c.y###†..y#
#.yy#y.yc#
#y@yy#.†.y!#
############


You could see a manticore, a yaktaur, a queen bee, 3 vampire mosquitoes, a
centaur and 5 killer bees.

Vanquished Creatures
  Josephine (D:10)
  A hydra (D:11)
  4 two-headed ogres
  Pikel (D:4)
  A cyclops (D:10)
  An ugly thing (D:11)
  Maggie (D:8)
  A freezing wraith (D:9)
  A kobold demonologist (D:11)
  An ancient zyme (D:4)
  A komodo dragon (D:10)
  A troll (D:9)
  8 yaks
  Sigmund (D:6)
  A wyvern (D:9)
  5 wraiths
  The ghost of darator the Skirmisher, an amateur HuWn (D:4)
  2 steam dragons (D:7)
  Menkaure (D:6)
  A water moccasin (D:6)
  5 orc warriors
  2 ice beasts
  A sky beast (D:7)
  A black bear (D:5)
  4 centaurs
  2 phantoms
  3 lemures (D:4)
  3 bullfrogs (D:8)
  2 kobold brigands
  A gnoll sergeant (D:10)
  A necrophage (D:8)
  4 scorpions
  12 wights
  17 killer bees
  2 howler monkeys (D:9)
  A crimson imp (D:4)
  A quasit (D:4)
  8 orc priests
  2 jellies (D:5)
  Crazy Yiuf (D:5)
  3 hounds (D:6)
  An iron imp (D:4)
  3 iguanas
  14 orc wizards
  Ijyb (D:5)
  A mummy (D:8)
  10 gnolls (D:10)
  6 adders
  A white imp (D:7)
  An ufetubus (D:4)
  3 dart slugs
  54 orcs
  5 bats
  9 endoplasms
  4 giant cockroaches (D:2)
  8 goblins
  5 hobgoblins
  8 jackals
  2 quokkas
  5 ball pythons
  2 frilled lizards
  2 hobgoblin zombies (D:8)
  10 kobolds
  2 kobold zombies (D:8)
  5 rats
273 creatures vanquished.

Vanquished Creatures (collateral kills)
  An acid dragon (D:10)
  A gnoll shaman (D:10)
2 creatures vanquished.

Vanquished Creatures (others)
  41 plants (D:10)
41 creatures vanquished.

Grand Total: 316 creatures vanquished

Notes
Turn   | Place    | Note
-------+----------+-------------------------------------------
     0 | D:1      | Dauddaud the Minotaur Berserker began the quest for the
                  | Orb.
     0 | D:1      | Reached XP level 1. HP: 19/19 MP: 0/0
    22 | D:1      | Reached skill level 4 in Axes
   129 | D:1      | Reached XP level 2. HP: 18/26 MP: 1/1
   463 | D:1      | Reached skill level 5 in Axes
   586 | D:1      | Found a faded altar of an unknown god.
   600 | D:1      | Reached XP level 3. HP: 25/31 MP: 2/2
   787 | D:1      | Reached ** piety under Trog
  1121 | D:2      | Found Xozamp's Jewellery Shop.
  1124 | D:2      | Found a shimmering altar of Xom.
  1201 | D:2      | Found Zuehema's General Store.
  1270 | D:2      | Found Laicze's Weapon Shop.
  1579 | D:2      | Found Xonokhleakh's Jewellery Emporium.
  1645 | D:2      | Reached XP level 4. HP: 34/39 MP: 3/3
  1695 | D:2      | Reached skill level 6 in Axes
  1946 | D:2      | Found Qogri Fewu's Jewellery Shoppe.
  2812 | D:3      | Reached skill level 7 in Axes
  2812 | D:3      | Reached XP level 5. HP: 45/45 MP: 4/4
  3009 | D:4      | Found a staircase to the Ecumenical Temple.
  3056 | D:4      | Found a transporter.
  3144 | D:4      | Found a one-way gate to the infinite horrors of the Abyss.
  3144 | D:4      | Noticed darator's ghost (amateur HuWn)
  3144 | D:4      | Noticed an ancient zyme
  3394 | D:4      | Found a transporter.
  3401 | D:4      | Noticed a lemure
  3401 | D:4      | Noticed a lemure
  3401 | D:4      | Noticed Pikel
  3458 | D:4      | Killed a lemure
  3464 | D:4      | Killed a lemure
  3651 | D:4      | Noticed a lemure
  3656 | D:4      | Noticed a lemure
  3663 | D:4      | Killed a lemure
  3674 | D:4      | Killed Pikel
  3675 | D:4      | Reached skill level 10 in Axes
  3675 | D:4      | Reached XP level 6. HP: 30/51 MP: 5/5
  3675 | D:4      | Reached XP level 7. HP: 33/57 MP: 6/6
  3911 | D:4      | Reached *** piety under Trog
  4017 | D:4      | Found Leqaul's General Store.
  4176 | D:4      | Reached skill level 11 in Axes
  4194 | D:4      | Killed an ancient zyme
  4195 | D:4      | Reached XP level 8. HP: 64/64 MP: 7/7
  4195 | D:4      | Killed darator's ghost
  4196 | D:4      | Reached skill level 12 in Axes
  4388 | D:5      | Entered Level 5 of the Dungeon
  4407 | D:5      | Reached skill level 13 in Axes
  5203 | D:5      | Reached skill level 14 in Axes
  5206 | D:5      | Reached XP level 9. HP: 48/70 MP: 8/8
  5213 | D:5      | Reached skill level 15 in Axes
  5538 | D:5      | Found a runed translucent door.
  5539 | D:5      | Noticed Crazy Yiuf
  5547 | D:5      | Killed Crazy Yiuf
  5744 | D:5      | Noticed Ijyb
  5755 | D:5      | Paralysed by Ijyb for 6 turns
  5768 | D:5      | Killed Ijyb
  6321 | D:6      | Found a stormy altar of Qazlal.
  6480 | D:6      | Noticed Sigmund
  6495 | D:6      | Killed Sigmund
  6496 | D:6      | Reached skill level 16 in Axes
  6897 | D:6      | Noticed Menkaure
  6906 | D:6      | Killed Menkaure
  7722 | D:7      | Reached skill level 17 in Axes
  7722 | D:7      | Reached XP level 10. HP: 12/77 MP: 9/9
  8074 | D:7      | Reached skill level 1 in Evocations
  8251 | D:7      | Found Cidougyi's Commerce Corner.
  8362 | D:2      | Bought a +2 executioner's axe of flaming for 360 gold
                  | pieces
  8558 | D:7      | Reached **** piety under Trog
  9409 | D:8      | Noticed Maggie
  9417 | D:8      | Killed Maggie
 10256 | D:9      | Identified the +2 leather armour "Ceupt" {rElec MP+9 Dex-4}
 10413 | D:9      | Reached skill level 18 in Axes
 11172 | D:9      | Identified the +0 scale mail of Submission {Will+ Str-5
                  | Int+4}
 11217 | D:10     | Entered Level 10 of the Dungeon
 11274 | D:10     | Noticed a two-headed ogre
 11276 | D:10     | Noticed Josephine
 11278 | D:10     | Killed a two-headed ogre
 11614 | D:10     | Noticed a two-headed ogre
 11636 | D:10     | Killed a two-headed ogre
 11637 | D:10     | Reached skill level 19 in Axes
 11637 | D:10     | Reached XP level 11. HP: 62/82 MP: 10/10
 11640 | D:10     | Reached skill level 5 in Evocations
 11883 | D:10     | Found a staircase to the Lair.
 12168 | D:10     | Killed Josephine
 12680 | D:11     | Noticed a two-headed ogre
 12684 | D:11     | Killed a two-headed ogre
 12723 | D:11     | Noticed an eight-headed hydra
 12729 | D:11     | Killed a six-headed hydra
 12730 | D:11     | Reached skill level 20 in Axes
 12847 | D:11     | Noticed a soul eater
 12862 | D:11     | Noticed a centaur warrior
 12866 | D:11     | Noticed a two-headed ogre
 12866 | D:11     | Noticed a purple ugly thing
 12869 | D:11     | Killed a purple ugly thing
 12871 | D:11     | Killed a two-headed ogre
 12873 | D:11     | Reached skill level 5 in Fighting
 12888 | D:11     | Slain by a queen bee

Illustrated notes

Levels and vault maps discovered:
D:1:      scummos_arrival_forest, layout_rooms,
          shapermc_ecumenical_altar_mp_highgroup, chequers_jeans,
          minmay_misc_feat_tiny
D:2:      layout_basic, basic_altar, serial_shops, nicolae_shop_behind_doors,
          nicolae_diamond_shop, nicolae_shop_bloodbath_and_beyond,
          nicolae_shop_crystal, nicolae_shop_hallway_plus, columned_hall_lemuel
D:3:      layout_basic
D:4:      layout_basic, minmay_temple_entry_gardened_gates,
          gammafunk_ghost_abyssal_escape, serial_rivers,
          chequers_serial_rivers_marsh, chequers_serial_rivers_micro_e,
          chequers_serial_rivers_micro_c, chequers_serial_rivers_micro_b,
          chequers_serial_rivers_small_b, chequers_serial_rivers_small_3,
          serial_shops, shop_statue, uniq_pikel
D:5:      layout_loops_ring, kennysheep_small_circle, uniq_ijyb,
          uniq_crazy_yiuf_cottage
D:6:      layout_loops_ring, nicolae_qazlal_general_emergency, uniq_menkaure,
          uniq_sigmund
D:7:      cheibrodos_steamvent, layout_basic, nicolae_alphabet_shops
D:8:      layout_basic, minmay_mini_ossuary, uniq_maggie
D:9:      layout_roguey
D:10:     layout_loops_ring, david_lair_shrubbed, uniq_josephine
D:11:     regret_index_bee_streams, layout_layer_cave

Skill      XL: |  1  2  3  4  5  6  7  8  9 10 11 |
---------------+----------------------------------+-----
Axes           | 4 5 7 10 11 14 17 19 20 | 20.0
Evocations     | 4 6 |  6.4
Fighting       | 5 |  5.1
Armour         | 4 |  4.4
Dodging        | 3 |  3.2

Action                   |  1- 3 |  4- 6 |  7- 9 | 10-12 || total
-------------------------+-------+-------+-------+-------++-------
Melee: Hand axe          |    83 |   102 |   285 |       ||   470
       Headbutt          |    15 |    18 |    46 |    30 ||   109
       Punch             |     1 |       |     9 |       ||    10
       Battleaxe         |       |       |    16 |     1 ||    17
       Executioner's axe |       |       |       |   287 ||   287
Invok: Berserk           |       |     2 |     3 |     4 ||     9
       Trog's Hand       |       |       |     2 |     5 ||     7
       Brothers in Arms  |       |       |       |     2 ||     2
  Use: Scroll            |       |     4 |     2 |    11 ||    17
       Potion            |       |       |       |     5 ||     5
Armor: Animal skin       |    17 |     5 |       |       ||    22
       Ring mail         |       |    13 |    22 |       ||    35
       Chain mail        |       |       |    33 |    40 ||    73
       Plate armour      |       |       |       |   102 ||   102
Dodge: Dodged            |    56 |    51 |   136 |   208 ||   451

Table legend: (Time is in decaauts)
 A = Elapsed time spent in this place.
 B = Non-inter-level travel time spent in this place.
 C = Inter-level travel time spent in this place.
 D = Time resting spent in this place.
 E = Time spent auto-exploring this place.
 F = Levels seen in this place.
 G = Mean time per level.
                   A        B        C        D        E       F      G
               +--------+--------+--------+--------+--------+-----+--------+
         Total |  12883 |  12146 |    737 |   3238 |   7256 |  11 | 1171.2 |
       Dungeon |  12883 |  12146 |    737 |   3238 |   7256 |  11 | 1171.2 |
               +--------+--------+--------+--------+--------+-----+--------+

Top non-repeatable levels by time:
     D:7: 1799 daAuts
     D:5: 1674 daAuts
    D:10: 1509 daAuts
     D:4: 1466 daAuts
     D:2: 1171 daAuts
     D:8: 1102 daAuts
     D:6: 1025 daAuts
     D:3: 998 daAuts
     D:9: 986 daAuts
     D:1: 943 daAuts
    D:11: 205 daAuts
